 Dungeon Crawl Stone Soup version 0.27-a0-1545-g3eddc1d3d3 (webtiles) character file.

Game seed: 16257894908767878365

28 Colgate the Skirmisher (level 3, -2/34 HPs)
             Began as a Draconian Abyssal Knight on July 13, 2021.
             Was a Follower of Lugonu.
             Killed by divine providence
             ... invoked by an orc priest
              (13 damage)
             ... on level 2 of the Dungeon.
             The game lasted 00:10:07 (1564 turns).

Colgate the Skirmisher (Draconian Abyssal Knight)   Turns: 1564, Time: 00:10:08

Health: -2/34      AC:  6    Str: 14    XL:     3   Next: 0%
Magic:  4/4        EV: 12    Int: 12    God:    Lugonu [*.....]
Gold:   60         SH:  0    Dex: 11    Spells: 2/2 levels left

rFire    . . .     SeeInvis .   b - +1 whip (elec)
rCold    . . .     Faith    .   (no shield)
rNeg     . . .     Spirit   .   (armour unavailable)
rPois    .         Reflect  .   (helmet restricted)
rElec    .         Harm     .   (no cloak)
rCorr    .         Rampage  .   (no gloves)
Will     .....                  c - +0 pair of boots
Stlth    +.........             (no amulet)
HPRegen  0.11/turn              (no ring)
MPRegen  0.09/turn              (no ring)

@: no status effects
A: AC +5, unfitting armour, cold-blooded
a: Renounce Religion, Depart the Abyss


You were on level 2 of the Dungeon.
You worshipped Lugonu.
Lugonu was aware of your devotion.
You visited 1 branch of the dungeon, and saw 2 of its levels.
You visited the Abyss 1 time.

You collected 60 gold pieces.

Inventory:

Hand Weapons
 a - a +1 spear
 b - a +1 whip of electrocution (weapon)
Missiles
 e - 26 stones (quivered)
 h - 12 bolts
Armour
 c - a +0 pair of boots (worn)
Scrolls
 f - 2 scrolls of noise {unknown}
 g - a scroll of identify {unknown}
Potions
 d - a potion of cancellation {unknown}


   Skills:
 + Level 4.6 Fighting
 - Level 2.0 Polearms
 - Level 2.1 Dodging
 - Level 2.0 Invocations


You had 2 spell levels left.
You didn't know any spells.
Your spell library was empty.

Dungeon Overview and Level Annotations

Branches:
Dungeon (2/15)

Altars:


Innate Abilities, Weirdness & Mutations

Your plain brown scales are hard. (AC +5)
You cannot fit into any form of body armour.
You are cold-blooded and may be slowed by cold attacks.


Message History

You hit the orc but do no damage.
The orc is heavily wounded.
The orc hits you with a +1 dagger of distortion.
Space warps horribly around you!
You closely miss the orc.
The orc is heavily wounded.
An orc comes into view. It is wielding a +0 dagger.
You hit the orc.
The orc is lightly wounded.
You hit the orc but do no damage.
The orc is lightly wounded.
The orc closely misses you.
You hit the orc.
The orc is severely wounded.
The orc priest calls upon Beogh to heal the orc.
The orc's wounds heal themselves!
The orc hits you but does no damage.
You hear a shout!
The orc hits you with a +0 club.
You hit the orc but do no damage. Lightning courses through the orc!
You kill the orc!
Lugonu accepts your kill.
You have reached level 3!
Your experience leads to an increase in your attributes!
Increase (S)trength, (I)ntelligence, or (D)exterity?
You feel agile.
Your scales feel tougher.
Your library has no spells.
Your library has no spells.
You barely miss the orc.
The orc is severely wounded.
The orc barely misses you.
You hit the orc but do no damage.
The orc is severely wounded.
The orc misses you.
The orc priest invokes the aid of Beogh against you.
Beogh smites you!
You are too injured to fight recklessly!
The orc priest miscasts a cantrip.
The orc priest calls down the wrath of Beogh upon you.
Beogh smites you!
You die...

#...##..###..##...# ♣
#..##...# ##..##..#
♣P.#..#..#.# ##..#..#
PP......##.######....###
P♣.......................
♣P.###########.#####...###
♣.. #.# .###.# ♣. #.# .
... # #@# # #o# #.# #o###
#oo.# ♣.♣.# o.o(o.....#
♣#♣#♣#♣.♣## .##


You could see an orc priest and 3 orcs.

Vanquished Creatures
  An orc (D:2)
  3 endoplasms (D:1)
  A giant cockroach (D:1)
  2 goblins (D:1)
  4 hobgoblins
  3 jackals (D:1)
  2 kobolds
  A quokka (D:1)
  A ball python (D:1)
  A bat (D:1)
  3 frilled lizards
  2 rats (D:1)
24 creatures vanquished.

Notes
Turn   | Place    | Note
-------+----------+-------------------------------------------
     0 | Abyss:1  | Colgate the Draconian Abyssal Knight began the quest for
                  | the Orb.
     0 | Abyss:1  | Reached XP level 1. HP: 19/19 MP: 2/2
    46 | Abyss:1  | Noticed a spatial vortex
    51 | Abyss:1  | Noticed a spatial vortex
    69 | Abyss:1  | Noticed a wretched star
    70 | D:1      | Escaped the Abyss
   250 | D:1      | Reached * piety under Lugonu
   649 | D:1      | Reached XP level 2. HP: 27/27 MP: 3/3
   653 | D:1      | Reached skill level 4 in Fighting
  1013 | D:1      | Found a faded altar of an unknown god.
  1561 | D:2      | Reached XP level 3. HP: 18/34 MP: 4/4
  1564 | D:2      | Killed from afar by an orc priest

Illustrated notes

Levels and vault maps discovered:
D:1:      nzn_arrival_settlement, layout_basic,
          shapermc_ecumenical_altar_totnotflames, st_stairs_8
D:2:      layout_loops_ring, serial_forest, infiniplex_forest_lined_3,
          infiniplex_forest_lined_3, infiniplex_forest_lined_room_3,
          infiniplex_forest_clump_long, infiniplex_forest_end_3,
          infiniplex_forest_clump_double, minmay_parallelograms, minivault_4,
          wad_orctagon

Skill      XL: |  1  2 |
---------------+-------+-----
Fighting       | 4 |  4.6
Polearms       | |  2.0
Dodging        | |  2.1
Invocations    | |  2.0

Action                   || total
-------------------------++-------
Melee: Whip              ||    57
       Spear             ||     1
       Tailslap          ||     3
Throw: Stone             ||    34
Invok: Depart the Abyss  ||     1
Armor: Skin              ||    13
Dodge: Dodged            ||    33

Table legend: (Time is in decaauts)
 A = Elapsed time spent in this place.
 B = Non-inter-level travel time spent in this place.
 C = Inter-level travel time spent in this place.
 D = Time resting spent in this place.
 E = Time spent auto-exploring this place.
 F = Levels seen in this place.
 G = Mean time per level.
                   A        B        C        D        E       F      G
               +--------+--------+--------+--------+--------+-----+--------+
         Total |   1576 |   1537 |     39 |      0 |   1347 |   3 |  525.3 |
       Dungeon |   1505 |   1466 |     39 |      0 |   1286 |   2 |  752.5 |
         Abyss |     70 |     70 |      0 |      0 |     61 |   1 |   70.0 |
               +--------+--------+--------+--------+--------+-----+--------+

Top non-repeatable levels by time:
     D:1: 1351 daAuts
     D:2: 154 daAuts
 Abyss:1: 70 daAuts
